 Dungeon Crawl Stone Soup version 0.31-a0-819-gf6de2f5ab6 (webtiles) character file.

Game seed: 2179310145107753335

83 qw the Shooter (level 4, 0/28 HPs)
             Began as a Gargoyle Hunter on Sept 23, 2023.
             Slain by a worm (2 damage)
             ... on level 3 of the Dungeon.
             The game lasted 00:00:35 (1736 turns).

qw the Shooter (Gargoyle Hunter)                    Turns: 1736, Time: 00:00:35

Health: 0/28       AC:  8    Str: 14    XL:     4   Next: 44%
Magic:  4/4        EV: 10    Int: 10    God:
Gold:   122        SH:  5    Dex: 15    Spells: 3/3 levels left

rFire   . . .        Y - +0 shortbow
rCold   . . .        (shield currently unavailable)
rNeg    + . .        a - +0 ring mail
rPois   inf          (no helmet)
rElec   +            (no cloak)
rCorr   .            (no gloves)
SInv    .            (no boots)
Will    .....        b - amulet of reflection
Stlth   +            (no ring)
HPRegen 0.24/turn    (no ring)
MPRegen 0.09/turn

%: reflection
@: no status effects
A: sickness immunity, AC +3, negative energy resistance 1, electricity
resistance, torment resistance 1, petrification resistance
a: no special abilities


You were on level 3 of the Dungeon.
You visited 1 branch of the dungeon, and saw 3 of its levels.

You collected 122 gold pieces.


Innate Abilities, Weirdness & Mutations

You are immune to sickness and miasma.
Your stone body is resilient. (AC +3)
You are immune to poison.
You resist negative energy. (rN+)
You are resistant to electric shocks. (rElec)
You are resistant to unholy torment.
You are immune to petrification.


   Skills:
 - Level 3.2 Fighting
 + Level 5.2 Ranged Weapons
 - Level 1.0 Armour
 - Level 1.5 Dodging
 - Level 1.1 Stealth


You had 3 spell levels left.
You didn't know any spells.
Your spell library was empty.

Inventory:

Hand Weapons
 Y - a +0 shortbow (weapon)
Armour
 a - a +0 ring mail (worn)
Jewellery
 b - an amulet of reflection (around neck)
Scrolls
 c - a scroll of identify
Potions
 d - a potion of invisibility {unknown}
 e - 2 potions of resistance {unknown}
 g - a potion of haste {unknown}
 i - a potion of curing {unknown}

Dungeon Overview and Level Annotations

Branches:
Dungeon (3/15)

Altars:


Message History

The orc hits you but does no damage. The orc completely misses you.
The orc hits you with a +0 dagger.
The orc wizard hits you but does no damage.
You feel less confused. The orc hits you but does no damage.
You block the orc's attack. The orc wizard barely misses you.
1729 |||
Found retreat position at -1,0 (orc; floor) with 0 blocking monsters and 1 monsters attacking at destination at distance 1 You shoot an arrow.
The arrow closely misses the orc.
The orc hits you with a +0 club. The orc closely misses you.
The orc wizard hits you but does no damage.
You shoot an arrow. The arrow barely misses the orc.
The orc hits you but does no damage. x2; The orc wizard closely misses you.
You shoot an arrow.
The arrow hits the orc wizard but does no damage.
The orc hits you but does no damage. x2
The orc wizard mumbles some strange words.
The orc wizard flickers and vanishes!
Deactivating autopickup; reactivate with Ctrl-A.
You shoot an arrow. The arrow closely misses the orc.
The orc hits you with a +0 club. The orc completely misses you.
Something hits you but does no damage. The orc hits you with a +0 club.
The orc closely misses you. Something completely misses you.
You shoot an arrow. The arrow hits the orc!
You kill the orc!
The bat completely misses you. x2; The orc hits you but does no damage.
Something hits you but does no damage.
You shoot an arrow.
The arrow hits the orc but does no damage.
The bat hits you but does no damage. x2; You block the bat's attack.
The orc closely misses you.
You hear some strange, mumbled words.
A puff of flame appears from out of thin air!
The puff of flame misses you.
The puff of flame hits the orc.
You shoot an arrow. The arrow hits the orc.
You kill the orc!
The bat closely misses you. Something hits you.
You shoot an arrow. The arrow hits the worm!
The worm is severely wounded.
Something hits you but does no damage. The worm bites you.
You die...

... ... .. # .. ####
#.### .### #... ...
b..###### #...
#.###w......... #...
#..)@{.......#..##...
##.#########.##......
#.# #.#####... #.#
#...###... #.#
#.#....... #.#..
#....#####
#.#.......#.####
##.#.......#.# #..#
..... #.#


You could see a worm and a bat.

Vanquished Creatures
  A gnoll (D:1)
  2 adders
  A dart slug (D:3)
  3 orcs (D:3)
  3 bats
  6 endoplasms
  3 giant cockroaches
  2 hobgoblins
  6 jackals
  5 kobolds
  2 quokkas (D:1)
  4 ball pythons
  7 goblins
45 creatures vanquished.

Notes
Turn   | Place    | Note
-------+----------+-------------------------------------------
     0 | D:1      | qw the Gargoyle Hunter began the quest for the Orb.
     0 | D:1      | Reached XP level 1. HP: 12/12 MP: 1/1
     0 | D:1      | 0 ||| qw: Version: 0.3-a-83-gcd0e7d8
     0 | D:1      | 0 ||| qw: Game counter: 1556
     0 | D:1      | 0 ||| qw: Melee chars always use a shield: true
     0 | D:1      | 0 ||| qw: God list: Okawaru
     0 | D:1      | 0 ||| qw: Allow faded altars: false
     0 | D:1      | 0 ||| qw: Do Orc after clearing Dungeon:15 true
     0 | D:1      | 0 ||| qw: Do second Lair branch before Depths: true
     0 | D:1      | 0 ||| qw: Lair rune preference: random
     0 | D:1      | 0 ||| qw: Goals: Normal
     0 | D:1      | 0 ||| PLANNING D:1-11
    36 | D:1      | You fall into a shaft and drop 1 floor!
   114 | D:2      | 114 ||| READING scroll labelled BODIOTW AJEEHA.
   115 | D:2      | 115 ||| DROPPING scroll of butterflies.
   203 | D:1      | Reached XP level 2. HP: 7/17 MP: 2/2
   436 | D:1      | Reached XP level 3. HP: 17/21 MP: 3/3
   489 | D:1      | Reached skill level 5 in Ranged Weapons
   728 | D:1      | 728 ||| UPGRADING to amulet of reflection.
   733 | D:1      | 733 ||| READING scroll labelled ZIOBAL UBROMEZ.
  1001 | D:2      | Reached skill level 3 in Fighting
  1042 | D:2      | Reached XP level 4. HP: 28/28 MP: 4/4
  1126 | D:2      | Identified the +8 long sword of Laceration {freeze, rPois
                  | rC+ Will- Int+3}
  1550 | D:2      | 1550 ||| UPGRADING to +0 ring mail.
  1560 | D:2      | 1560 ||| DROPPING +0 leather armour.
  1561 | D:2      | 1561 ||| READING scroll labelled XOLAIM DUUC.
  1562 | D:2      | 1562 ||| READING scroll labelled HIZXAO ZIUMPAO.
  1638 | D:3      | Reached skill level 1 in Armour
  1712 | D:3      | 1712 ||| RETREEAATING.
  1714 | D:3      | 1714 ||| Stepping ~*~*~tactically~*~*~ (retreating).
  1729 | D:3      | HP: 5/28 [orc/+0 club (4)]
  1732 | D:3      | HP: 2/28 [orc/+0 club (2)]
  1736 | D:3      | Slain by a worm

Levels and vault maps discovered:
D:1:      minmay_arrival_hallway, layout_basic, roderic_nine_men_s_morris,
          nicolae_titane
D:2:      layout_loops_corners
D:3:      layout_rooms, mainiacjoe_overflow_six_doors_small, lemuel_tele_altar,
          st_stairs_10, uniq_grinder

Skill      XL: |  1  2  3  4 |
---------------+-------------+-----
Ranged Weapons | 5 |  5.2
Fighting       | 3 |  3.2
Armour         | 1 |  1.0
Dodging        | |  1.5
Stealth        | |  1.1

Action                     |  1- 3 |  4- 6 || total
---------------------------+-------+-------++-------
   Fire: Shortbow          |    97 |    37 ||   134
    Use: Scroll            |     2 |     2 ||     4
 Armour: Leather armour    |    21 |     3 ||    24
         Ring mail         |       |    37 ||    37
  Dodge: Dodged            |    27 |    23 ||    50
  Block: Other             |     3 |     4 ||     7

Table legend:
 A = Non-vault XP
 B = Vault XP
 C = Vault XP percentage of total XP
 D = Non-vault monster count
 E = Vault monster count
 F = Vault count percentage of total count
                 A         B        C        D         E       F
            +---------+---------+-------+---------+---------+-------
      Total |     116 |       3 |   2.5 |      43 |       2 |   4.4
            +---------+---------+-------+---------+---------+-------
        D:1 |      58 |       0 |   0.0 |      26 |       0 |   0.0
        D:2 |      29 |       0 |   0.0 |       9 |       0 |   0.0
        D:3 |      29 |       3 |   9.4 |       8 |       2 |  20.0
            +---------+---------+-------+---------+---------+-------
